[Event "Titled Tuesday Blitz November 29 Early 2022"]
[White "Megalios, Konstantinos"]
[Black "Leve, Nitai"]
[WhiteFideId "4238044"]
[BlackFideId "2006898"]
[WhiteElo "2277"]
[BlackElo "2144"]
[Result "1-0"]
[Round "03"]
[TimeControl "180+1"]
[Date "2022.11.30"]
[WhiteClock "0:00:11"]
[BlackClock "0:00:02"]

1. e4 e6 2. d3 d5 3. Nd2 Nf6 4. Ngf3 b6 5. c3 Bb7 6. Qc2 c5 7. Be2 Nc6 8. O-O Qc7 9. Re1 O-O-O 10. a3 h6 11. b4 cxb4 12. cxb4 dxe4 13. dxe4 Nd4 14. Qxc7+ Kxc7 15. Bb2 Nxf3+ 16. Nxf3 Nxe4 17. Ne5 Nd6 18. Rac1+ Kb8 19. Red1 f6 20. Nc6+ Bxc6 21. Rxc6 Be7 22. Kf1 e5 23. Ba6 Nb7 24. Rdc1 Rc8 25. Ke2 Rxc6 26. Rxc6 Rc8 27. Rxc8+ Kxc8 28. Kf3 Kc7 29. Ke4 Nd6+ 30. Kd5 b5 31. Ke6 Bf8 32. Bc1 Kb6 33. Be3+ Kxa6 34. Bc5 Nc4 35. Bxf8 Nxa3 36. Bxg7 Nc2 37. Bf8 Ne1 38. g4 Nd3 39. f3 Ne1 40. Kxf6 Nxf3 41. h3 Kb6 42. Bxh6 a5 43. Be3+ Ka6 44. bxa5 Kxa5 45. g5 b4 46. g6 b3 47. Bc1 1-0


[Site "https://www.chess.com"]

[Event "Titled Tuesday Blitz November 29 Early 2022"]
[White "Melian, Juan Sebastian"]
[Black "Gabrielian, Artur"]
[WhiteFideId "3706575"]
[BlackFideId "4131002"]
[WhiteElo "2044"]
[BlackElo "2432"]
[Result "0-1"]
[Round "03"]
[TimeControl "180+1"]
[Date "2022.11.30"]
[WhiteClock "0:00:04"]
[BlackClock "0:00:25"]

1. d4 Nf6 2. c4 c5 3. d5 e6 4. Nc3 exd5 5. cxd5 d6 6. e4 g6 7. f3 Bg7 8. Be3 O-O 9. Qd2 a6 10. a4 Nbd7 11. Nh3 Rb8 12. Nf2 Ne5 13. Be2 Bd7 14. h3 b5 15. f4 Nc4 16. Bxc4 bxc4 17. O-O Re8 18. e5 dxe5 19. fxe5 Rxe5 20. Bf4 Nh5 21. Bh2 Qh4 22. Nfe4 Rxe4 23. Nxe4 Rxb2 24. Qe1 Bd4+ 25. Kh1 Bxh3 26. gxh3 Qxh3 27. Nd2 Rxd2 28. Qe8+ Kg7 29. Qxf7+ Kh6 30. Qf8+ Bg7 31. Qf2 Rxf2 32. Rxf2 Ng3+ 0-1


[Site "https://www.chess.com"]

[Event "Titled Tuesday Blitz November 29 Early 2022"]
[White "Mgeladze, Tamaz"]
[Black "Reprintsev, Alexander"]
[WhiteFideId "13601202"]
[BlackFideId "14100541"]
[WhiteElo "2288"]
[BlackElo "2230"]
[Result "1-0"]
[Round "03"]
[TimeControl "180+1"]
[Date "2022.11.30"]
[WhiteClock "0:00:25"]
[BlackClock "0:00:07"]

1. c4 e5 2. g3 Nc6 3. Bg2 Bc5 4. Nc3 Nf6 5. Nf3 d6 6. O-O a6 7. d3 h6 8. a3 Bg4 9. b4 Ba7 10. h3 Bh5 11. Be3 Nd4 12. Bxd4 exd4 13. Nd5 c6 14. Nf4 O-O 15. Nxh5 Nxh5 16. a4 Re8 17. Re1 f5 18. Qb3 Kh8 19. b5 Bc5 20. bxc6 bxc6 21. Nh4 Rb8 22. Qc2 Bb4 23. Bxc6 Bxe1 24. Rxe1 f4 25. Bxe8 fxg3 26. fxg3 Qxe8 27. Qd2 Nxg3 28. Kg2 Nh5 29. Rf1 Kh7 30. Rf5 g5 31. Nf3 Nf4+ 32. Kh2 Qg6 33. Nxd4 Re8 34. e3 Ne6 35. Qf2 Nxd4 36. Rf7+ Kg8 37. Rf6 Qxd3 38. Rxd6 Qe2 39. Qxe2 Nxe2 40. Rxh6 Rxe3 41. Rxa6 Kf7 42. a5 Nf4 43. c5 Rxh3+ 44. Kg1 Rc3 45. c6 Ke6 46. Rb6 Kf5 47. a6 Kg4 48. a7 Kg3 49. Rb1 Nh3+ 50. Kf1 Ra3 51. c7 Rf3+ 52. Ke2 Nf4+ 53. Kd2 Rd3+ 54. Kc2 1-0


[Site "https://www.chess.com"]

[Event "Titled Tuesday Blitz November 29 Early 2022"]
[White "Migot, Tangi"]
[Black "Ozen, Bahadir"]
[WhiteFideId "662445"]
[BlackFideId "6337058"]
[WhiteElo "2586"]
[BlackElo "2503"]
[Result "0-1"]
[Round "03"]
[TimeControl "180+1"]
[Date "2022.11.30"]
[WhiteClock "0:00:52"]
[BlackClock "0:00:49"]

1. e4 d6 2. d4 Nf6 3. Nc3 Nbd7 4. g3 e5 5. Nge2 c6 6. Bg2 Be7 7. O-O O-O 8. h3 b5 9. a3 Bb7 10. dxe5 dxe5 11. g4 a5 12. Ng3 b4 13. axb4 axb4 14. Rxa8 Bxa8 15. Nce2 Nc5 16. g5 Nfd7 17. h4 g6 18. Be3 Bb7 19. Qd2 b3 20. cxb3 Nxb3 21. Qc3 Nbc5 22. b4 Na6 23. Rb1 Re8 24. Nc1 Bf8 25. Nd3 Nc7 26. Nc5 Nb5 27. Qc4 Nxc5 28. Bxc5 Na3 29. Qc1 Nxb1 30. Qxb1 Bxc5 31. bxc5 Ba6 32. h5 Qxg5 33. Qb6 Bb5 34. hxg6 hxg6 35. Bf1 Bxf1 36. Kxf1 Qf6 37. Ke2 Kg7 38. Qc7 Qe6 39. Nf1 Qc4+ 40. Kf3 Qxf1 0-1


[Site "https://www.chess.com"]

[Event "Titled Tuesday Blitz November 29 Early 2022"]
[White "Mihailidis, Anastasios"]
[Black "Nepo"]
[WhiteFideId "4205588"]
[WhiteElo "2312"]
[BlackElo "2127"]
[Result "1-0"]
[Round "03"]
[TimeControl "180+1"]
[Date "2022.11.30"]
[WhiteClock "0:00:17"]
[BlackClock "0:00:11"]

1. e4 e5 2. Nf3 Nf6 3. Nxe5 d6 4. Nf3 Nxe4 5. Nc3 Nxc3 6. dxc3 Be7 7. Bd3 Nc6 8. Be3 Be6 9. Qd2 Qd7 10. a3 Ne5 11. Nxe5 dxe5 12. O-O-O O-O 13. Bxh7+ Kxh7 14. Qxd7 Bxd7 15. Rxd7 Bd6 16. c4 b6 17. b4 Rad8 18. Rxd8 Rxd8 19. Rd1 Kg6 20. c5 Be7 21. Rxd8 Bxd8 22. cxb6 cxb6 23. Kd2 Kf5 24. c4 Ke6 25. Kc3 f5 26. a4 f4 27. Bd2 g5 28. f3 Kf5 29. Kd3 Bc7 30. h3 Bd6 31. Bc3 Be7 32. a5 bxa5 33. bxa5 a6 34. Be1 Bc5 35. h4 Be7 36. h5 Bc5 37. h6 Kg6 38. Bc3 Bd6 39. Ke4 Bc7 40. h7 Kxh7 41. Kf5 Kh6 42. c5 Kh5 43. c6 Kh4 44. Bxe5 Bxa5 45. c7 Bxc7 46. Bxc7 Kg3 47. Kxg5 Kxg2 48. Kxf4 Kf2 49. Ke4 a5 50. f4 Kg3 51. f5+ Kg4 52. f6 a4 53. f7 a3 54. f8=Q a2 55. Qg7+ Kh3 56. Qg6 a1=Q 57. Qg3# 1-0


[Site "https://www.chess.com"]

[Event "Titled Tuesday Blitz November 29 Early 2022"]
[White "Mika, Tomasz"]
[Black "Czopor, Maciej"]
[WhiteFideId "1132970"]
[BlackFideId "21805431"]
[WhiteElo "2126"]
[BlackElo "2324"]
[Result "0-1"]
[Round "03"]
[TimeControl "180+1"]
[Date "2022.11.30"]
[WhiteClock "0:00:01"]
[BlackClock "0:01:02"]

1. Nf3 g6 2. e4 Bg7 3. d4 c6 4. Nc3 d5 5. e5 f6 6. exf6 exf6 7. Bd3 Nh6 8. O-O O-O 9. h3 Bf5 10. Bxh6 Bxh6 11. Bxf5 gxf5 12. Nh4 f4 13. Nf5 Bg7 14. Qg4 Qd7 15. Qxf4 Na6 16. Rae1 Rae8 17. a3 Nc7 18. Qg4 Kh8 19. Ne2 Re4 20. Nf4 Rxe1 21. Rxe1 Re8 22. Rxe8+ Nxe8 23. Qh5 Kg8 24. Qg4 Kh8 25. c3 a5 26. Nxg7 Qxg4 27. hxg4 Kxg7 28. f3 Nd6 29. Kf2 a4 30. Kg3 Nc4 31. Nd3 Kf7 32. f4 Ke6 33. Nc5+ Kf7 34. Nxa4 b5 35. Nc5 Nxb2 36. Nd7 Nc4 37. Nb8 Nxa3 38. Nxc6 Nb1 39. Kf3 Nxc3 40. Ke3 Ke6 41. f5+ Kd7 42. Nb4 Kd6 43. Nd3 Ne4 44. Nf4 b4 45. Nh5 b3 46. Kd3 h6 47. Nf4 Kc6 48. Ne6 Kb5 49. Nf8 Ka4 50. Nd7 Ka3 51. Nc5 b2 52. Nxe4 b1=Q+ 0-1


[Site "https://www.chess.com"]

[Event "Titled Tuesday Blitz November 29 Early 2022"]
[White "Mikhalsky, Vladimir"]
[Black "Volkov, Maksim"]
[WhiteFideId "14144352"]
[BlackFideId "54123070"]
[WhiteElo "2271"]
[BlackElo "2257"]
[Result "0-1"]
[Round "03"]
[TimeControl "180+1"]
[Date "2022.11.30"]
[WhiteClock "0:00:13"]
[BlackClock "0:01:06"]

1. d4 d5 2. c4 e6 3. g3 dxc4 4. Bg2 a6 5. a4 Nf6 6. Nf3 Nc6 7. O-O Rb8 8. Qc2 b5 9. axb5 axb5 10. b3 Nb4 11. Qd1 cxb3 12. Qxb3 Bb7 13. Nc3 c6 14. e4 Be7 15. Ba3 Na6 16. e5 Nd5 17. Bxe7 Qxe7 18. Ne4 O-O 19. Rfc1 Rfd8 20. Nd6 Rxd6 21. exd6 Qxd6 22. Ne5 Nab4 23. Nd3 Nxd3 24. Qxd3 g6 25. Rc5 Qd8 26. Bxd5 exd5 27. Qa3 Kg7 28. Qb2 Qf6 29. Rd1 Re8 30. Qa3 Bc8 31. Qa7 Qf3 0-1


[Site "https://www.chess.com"]

[Event "Titled Tuesday Blitz November 29 Early 2022"]
[White "Mitrovic, Darko R"]
[Black "Yurasova, Daria"]
[WhiteFideId "927023"]
[BlackFideId "34146919"]
[WhiteElo "2150"]
[BlackElo "2097"]
[Result "0-1"]
[Round "03"]
[TimeControl "180+1"]
[Date "2022.11.30"]
[WhiteClock "0:00:01"]
[BlackClock "0:00:54"]

1. d4 d5 2. Nf3 Nf6 3. g3 Bf5 4. Bg2 e6 5. O-O Nbd7 6. c4 c6 7. Nbd2 Bg6 8. Nh4 Be7 9. Nxg6 hxg6 10. b3 O-O 11. e4 dxe4 12. Nxe4 Nxe4 13. Bxe4 Nf6 14. Bf3 Qd7 15. Be3 Rad8 16. Qe2 Ne8 17. Rad1 Nf6 18. h4 Rfe8 19. Kg2 Bf8 20. Bf4 Qc8 21. Be5 Be7 22. h5 gxh5 23. Bxh5 c5 24. Bf3 cxd4 25. Bxd4 a6 26. Rh1 Rd7 27. Bxf6 Bxf6 28. Rxd7 Qxd7 29. Qe4 b5 30. Rd1 Qc7 31. Rd8 Rxd8 32. c5 Qxc5 33. Qh7+ Kxh7 34. Be4+ g6 35. Bf3 Qc3 36. Be2 Qb2 37. Bf3 Rd2 38. Be2 Rxe2 39. Kh3 Rxf2 40. Kg4 Qe2+ 0-1


[Site "https://www.chess.com"]

[Event "Titled Tuesday Blitz November 29 Early 2022"]
[White "Mohamed Anees M"]
[Black "Makhmudov, Shukhrat"]
[WhiteFideId "35065815"]
[BlackFideId "14200775"]
[WhiteElo "2135"]
[BlackElo "2135"]
[Result "1-0"]
[Round "03"]
[TimeControl "180+1"]
[Date "2022.11.30"]
[WhiteClock "0:01:45"]
[BlackClock "0:00:08"]

1. e4 e5 2. Nf3 Nc6 3. Bb5 a6 4. Ba4 Nf6 5. O-O Be7 6. Re1 b5 7. Bb3 O-O 8. h3 d6 9. c3 Na5 10. Bc2 c5 11. d4 Qc7 12. Nbd2 Rd8 13. b3 cxd4 14. cxd4 Nc6 15. Bb2 exd4 16. Nxd4 Nxd4 17. Bxd4 d5 18. e5 Ne4 19. Bd3 Bb4 20. Nxe4 dxe4 21. Rxe4 Bb7 22. Rh4 h6 23. Qe2 Rxd4 24. Rxd4 Bc3 25. Rc1 Qc6 26. Be4 Bxd4 27. Bxc6 Bxc6 28. Rxc6 1-0


[Site "https://www.chess.com"]

[Event "Titled Tuesday Blitz November 29 Early 2022"]
[White "Mohammed, Dilshad"]
[Black "Ardila, Oscar Humberto"]
[WhiteFideId "5050421"]
[BlackFideId "4404742"]
[WhiteElo "2102"]
[BlackElo "1959"]
[Result "1-0"]
[Round "03"]
[TimeControl "180+1"]
[Date "2022.11.30"]
[WhiteClock "0:00:18"]
[BlackClock "0:00:09"]

1. Nf3 Nf6 2. c4 e6 3. g3 Be7 4. Bg2 O-O 5. O-O c5 6. Nc3 Nc6 7. d4 cxd4 8. Nxd4 a6 9. e4 Qc7 10. Nxc6 bxc6 11. Qc2 Bb7 12. Re1 d6 13. h3 e5 14. Nd1 Rad8 15. Ne3 Rfe8 16. Nf5 Bf8 17. Bg5 Re6 18. h4 h6 19. Be3 Kh7 20. Bh3 Ree8 21. Qe2 g6 22. Qf3 Ng8 23. h5 gxf5 24. Bxf5+ Kh8 25. g4 Qe7 26. Kg2 Bg7 27. Rg1 Bf6 28. Kh1 Bg5 29. Rg2 Bxe3 30. Qxe3 Qh4+ 31. Rh2 Qg5 32. Qb6 Qe7 33. g5 d5 34. g6 dxe4 35. Rg1 fxg6 36. Rxg6 Rd6 37. Rxd6 Qxd6 38. Qxb7 Qd1+ 39. Kg2 Qf3+ 40. Kg1 Qxf5 41. Rg2 Qf8 42. Qxc6 Re7 43. Qxe4 Rg7 44. Qxe5 Qf7 45. b3 Nf6 46. Rxg7 Qxg7+ 47. Kf1 Qf7 48. c5 Kg7 49. c6 Qa7 50. c7 Qb7 51. Qe7+ Kg8 52. Qd8+ Kf7 53. c8=Q Qh1+ 54. Ke2 Qe4+ 55. Kd2 Qf4+ 56. Kc2 Qxf2+ 57. Qd2 Qf1 58. Qc7+ Kf8 59. Qdd8+ Ne8 60. Qcd6+ Kf7 61. Q6e7+ 1-0


[Site "https://www.chess.com"]

[Event "Titled Tuesday Blitz November 29 Early 2022"]
[White "Molina, Roberto Junio Brito"]
[Black "Firouzja, Alireza"]
[WhiteFideId "2109450"]
[BlackFideId "12573981"]
[WhiteElo "2388"]
[BlackElo "2903"]
[Result "0-1"]
[Round "03"]
[TimeControl "180+1"]
[Date "2022.11.30"]
[WhiteClock "0:00:06"]
[BlackClock "0:01:23"]

1. d4 Nf6 2. c4 g6 3. Nc3 Bg7 4. e4 d6 5. Nf3 O-O 6. Be2 e5 7. O-O Nc6 8. d5 Ne7 9. b4 Nd7 10. Nd2 f5 11. c5 Nf6 12. f3 f4 13. Nc4 g5 14. h3 Ng6 15. Kf2 Rf7 16. Ke1 Bf8 17. c6 bxc6 18. dxc6 Be6 19. b5 d5 20. exd5 Nxd5 21. Ne4 Nh4 22. Kf2 Nc3 23. Qxd8 Rxd8 24. Ba3 Nxe2 25. Bxf8 Bxc4 26. Bh6 Ng3 27. Rfd1 Nxe4+ 28. fxe4 Re8 29. Bxg5 Nxg2 30. Rd7 f3 31. a4 Nf4 32. Bxf4 exf4 33. Rad1 Be6 34. Rd8 Rxd8 35. Rxd8+ Rf8 36. Rd4 Bxh3 37. Kxf3 h5 38. Kf2 Bg4 39. a5 h4 40. Rd5 Kf7 41. Rg5 Rg8 42. Rd5 h3 43. b6 h2 0-1


[Site "https://www.chess.com"]

[Event "Titled Tuesday Blitz November 29 Early 2022"]
[White "Moskvin, Anatoly"]
[Black "Langner, Ladislav"]
[WhiteFideId "24199990"]
[BlackFideId "300403"]
[WhiteElo "2079"]
[BlackElo "2346"]
[Result "1-0"]
[Round "03"]
[TimeControl "180+1"]
[Date "2022.11.30"]
[WhiteClock "0:00:59"]
[BlackClock "0:01:01"]

1. e4 c5 2. Nf3 e6 3. b4 cxb4 4. d4 d5 5. e5 Nc6 6. a3 Nge7 7. h4 Nf5 8. g4 Nfe7 9. h5 f6 10. exf6 gxf6 11. g5 Nf5 12. Bd3 Ncxd4 13. Nxd4 Nxd4 14. g6 Nf5 15. Qg4 Bg7 16. h6 Nxh6 17. Bxh6 e5 18. Qh5 Bxh6 19. g7+ Ke7 20. gxh8=Q Qxh8 21. Qxh6 e4 22. Be2 Bf5 23. axb4 Rc8 24. Rxa7 Rxc2 25. Rxb7+ Ke6 26. Qe3 Qc8 27. Rb6+ Ke5 28. f4# 1-0


[Site "https://www.chess.com"]

[Event "Titled Tuesday Blitz November 29 Early 2022"]
[White "Mouhamad, Joachim"]
[Black "Fabris, Alberto"]
[WhiteFideId "656410"]
[BlackFideId "801348"]
[WhiteElo "2164"]
[BlackElo "2136"]
[Result "1-0"]
[Round "03"]
[TimeControl "180+1"]
[Date "2022.11.30"]
[WhiteClock "0:00:09"]
[BlackClock "0:00:44"]

1. e4 c6 2. d4 d5 3. Nd2 dxe4 4. Nxe4 Bf5 5. Ng3 Bg6 6. h4 h6 7. Nf3 Nf6 8. Ne5 Bh7 9. Bd3 Bxd3 10. Qxd3 e6 11. Bd2 Nbd7 12. f4 Qc7 13. O-O-O Nxe5 14. fxe5 Nd5 15. c4 Nb4 16. Bxb4 Bxb4 17. Rhf1 O-O-O 18. Rf3 g6 19. Rdf1 Rd7 20. Ne4 Rhd8 21. Qb3 Bf8 22. c5 Rxd4 23. Rxf7 Rd1+ 24. Kc2 Rxf1 25. Qxe6+ Kb8 26. Rxc7 Kxc7 27. Qxg6 Re1 28. Nd6 Rxe5 29. Qf7+ Re7 30. Qf4 Kd7 31. Nxb7 Rc8 32. Nd6 Rd8 33. Qg4+ Kc7 34. Qa4 Kd7 35. Qxa7+ Ke6 36. Qa6 Red7 37. Qxc6 Bxd6 38. cxd6 Rxd6 39. Qe4+ Kf6 40. Qf4+ Kg7 41. a4 Rc6+ 42. Kb3 Rb6+ 43. Ka2 Rdb8 44. Qe5+ Kf7 45. a5 Rb5 46. Qc7+ Ke6 47. Qc4+ Kf5 48. Qf1+ Kg4 49. Qf3+ Kxh4 50. Qf6+ Kg3 51. a6 Ra5+ 52. Kb1 Ra8 53. Qf3+ Kh2 54. Qh3+ Kg1 55. Qe3+ Kh2 56. Qxh6+ Kg1 57. Qc1+ Kh2 58. Qc7+ Kxg2 59. Qxa5 1-0


[Site "https://www.chess.com"]

[Event "Titled Tuesday Blitz November 29 Early 2022"]
[White "Nasir, Zehn"]
[Black "Shapiro, Daniel"]
[WhiteFideId "2613239"]
[BlackFideId "2001780"]
[WhiteElo "1993"]
[BlackElo "2319"]
[Result "1-0"]
[Round "03"]
[TimeControl "180+1"]
[Date "2022.11.30"]
[WhiteClock "0:00:21"]
[BlackClock "0:00:25"]

1. e4 e5 2. Nf3 Nc6 3. Bb5 a6 4. Ba4 Nf6 5. Qe2 b5 6. Bb3 Be7 7. c3 O-O 8. d4 d6 9. O-O Bg4 10. d5 Na5 11. Bc2 c6 12. b4 Nc4 13. dxc6 Qc7 14. Nbd2 Nb6 15. h3 Bh5 16. c4 Qxc6 17. Bd3 bxc4 18. Nxc4 Nxc4 19. Bxc4 Bxf3 20. gxf3 Rfc8 21. Bb3 Rab8 22. Bd2 Rd8 23. Rac1 Qd7 24. Kh2 d5 25. Bc3 d4 26. Bd2 Bxb4 27. Bg5 Be7 28. Qd3 Rb6 29. Rg1 Nh5 30. Bd2 Nf4 31. Bxf4 exf4 32. Rg4 Rh6 33. Rcg1 g6 34. Rd1 Bf6 35. Kg2 Be5 36. Bc4 Rc8 37. Bxa6 Rc3 38. Qxc3 dxc3 39. Rxd7 c2 40. Rd8+ Kg7 41. Rc8 1-0


[Site "https://www.chess.com"]

[Event "Titled Tuesday Blitz November 29 Early 2022"]
[White "Nguyen, Thai Dai Van"]
[Black "Manukyan, Sargis A."]
[WhiteFideId "358878"]
[BlackFideId "13303970"]
[WhiteElo "2534"]
[BlackElo "2187"]
[Result "0-1"]
[Round "03"]
[TimeControl "180+1"]
[Date "2022.11.30"]
[WhiteClock "0:01:23"]
[BlackClock "0:01:25"]

1. e4 e6 2. d4 d5 3. Nd2 Nc6 4. Ngf3 Nf6 5. e5 Nd7 6. c3 f6 7. exf6 Qxf6 8. Bd3 Bd6 9. O-O O-O 10. Bc2 e5 11. dxe5 Ndxe5 12. Nxe5 Nxe5 13. f4 Ng4 14. Nb3 c6 15. Qd3 Qh4 16. h3 Bf5 17. Qd1 Bxc2 18. Qxc2 Nf6 19. Be3 Ne4 20. f5 Qg3 21. Rf3 Qh2+ 22. Kf1 Qh1+ 23. Bg1 Bh2 0-1


[Site "https://www.chess.com"]

[Event "Titled Tuesday Blitz November 29 Early 2022"]
[White "Omariev, Maksim"]
[Black "Barash, Anton"]
[WhiteFideId "4193423"]
[BlackFideId "30935229"]
[WhiteElo "2442"]
[BlackElo "2305"]
[Result "0-1"]
[Round "03"]
[TimeControl "180+1"]
[Date "2022.11.30"]
[WhiteClock "0:00:44"]
[BlackClock "0:01:27"]

1. g4 d5 2. Bg2 Bxg4 3. c4 e6 4. Qb3 Nc6 5. cxd5 exd5 6. Bxd5 Qd7 7. Qxb7 Qxd5 8. Qxa8+ Kd7 9. Nf3 Bxf3 10. exf3 Nf6 11. Nc3 Qxf3 12. Rg1 Bc5 13. d4 Rxa8 14. dxc5 Nd4 15. Be3 Nc2+ 16. Kd2 Nxa1 17. Rxa1 Ne4+ 18. Nxe4 Qxe4 19. Rd1 Kc6 20. a3 Rd8+ 21. Kc1 Qc4+ 0-1


[Site "https://www.chess.com"]

[Event "Titled Tuesday Blitz November 29 Early 2022"]
[White "Oparin, Grigoriy"]
[Black "Goltsev, Dmitry"]
[WhiteFideId "24125890"]
[BlackFideId "24176710"]
[WhiteElo "2639"]
[BlackElo "2289"]
[Result "0-1"]
[Round "03"]
[TimeControl "180+1"]
[Date "2022.11.30"]
[WhiteClock "0:00:02"]
[BlackClock "0:00:07"]

1. Nf3 d5 2. c4 c6 3. e3 Nf6 4. b3 g6 5. Bb2 Bg7 6. d4 O-O 7. Be2 Ne4 8. O-O Nd7 9. Nbd2 Nxd2 10. Qxd2 e6 11. a4 f6 12. a5 Re8 13. Rfc1 Qe7 14. a6 bxa6 15. cxd5 cxd5 16. Bxa6 Bxa6 17. Rxa6 Nb6 18. Ne1 e5 19. dxe5 fxe5 20. Rca1 d4 21. Nf3 dxe3 22. Qxe3 e4 23. Bxg7 Qxg7 24. Ng5 Rad8 25. h4 Rd7 26. Nxe4 Nd5 27. Qd3 Qe7 28. f3 Qxh4 29. Rxa7 Rxa7 30. Rxa7 Qe1+ 31. Qf1 Qe3+ 32. Qf2 Qc1+ 33. Kh2 Qh6+ 34. Kg3 Qf4+ 35. Kh3 Rxe4 36. Ra8+ Kf7 37. Ra7+ Re7 38. Rxe7+ Nxe7 39. g3 Qb4 40. Qe3 h5 41. Qd3 Nf5 42. Qd5+ Kg7 43. Qe5+ Kh7 44. Qc7+ Kh6 45. Qd8 Qc3 46. b4 Kh7 47. Qd7+ Ng7 48. Qb7 Qe1 49. Kg2 Qe2+ 50. Kg1 Kh6 51. Qe4 Qxe4 52. fxe4 Ne6 53. b5 Kg5 54. b6 Nd8 55. Kf2 Kf6 56. Kf3 g5 57. Ke3 Ke5 58. Kd3 Nb7 59. Ke3 Nd6 60. Kf3 g4+ 0-1


[Site "https://www.chess.com"]

[Event "Titled Tuesday Blitz November 29 Early 2022"]
[White "Oro, Faustino"]
[Black "Cramling Bellon, Anna"]
[WhiteFideId "20000197"]
[BlackFideId "32009232"]
[WhiteElo "2066"]
[BlackElo "1972"]
[Result "1-0"]
[Round "03"]
[TimeControl "180+1"]
[Date "2022.11.30"]
[WhiteClock "0:00:04"]
[BlackClock "0:00:01"]

1. Nf3 d5 2. g3 c5 3. Bg2 Nc6 4. d4 cxd4 5. Nxd4 e5 6. Nxc6 bxc6 7. c4 Be6 8. cxd5 cxd5 9. O-O Nf6 10. Nc3 Be7 11. Qa4+ Bd7 12. Qb3 Bc6 13. Rd1 Rb8 14. Qc2 O-O 15. Bg5 Rc8 16. e3 d4 17. exd4 exd4 18. Qf5 Bxg2 19. Kxg2 Rc5 20. Qf4 Qa8+ 21. Ne4 Rxg5 22. Qxg5 Nxe4 23. Qxe7 Ng5+ 24. Kg1 Nh3+ 25. Kf1 Re8 26. Qxe8+ Qxe8 27. Rxd4 Qb5+ 28. Kg2 Qe8 29. Kxh3 g6 30. Rad1 Kg7 31. R4d2 Qe6+ 32. Kg2 Qxa2 33. h4 a5 34. Rc1 h5 35. Rc3 Qe6 36. Ra3 Qc6+ 37. Kh2 a4 38. Rad3 Qb5 39. Kg2 Qc6+ 40. Kg1 Qc1+ 41. Kh2 Qc6 42. Rd4 Qb5 43. Kg1 Qb3 44. R4d3 Qb5 45. Rc3 Qb6 46. Rdc2 Qb5 47. Ra3 Qd7 48. Rcc3 1-0


[Site "https://www.chess.com"]

[Event "Titled Tuesday Blitz November 29 Early 2022"]
[White "Osinovsky, Stepan"]
[Black "Kleiman, Jake"]
[WhiteFideId "4157354"]
[BlackFideId "2020041"]
[WhiteElo "2222"]
[BlackElo "2621"]
[Result "0-1"]
[Round "03"]
[TimeControl "180+1"]
[Date "2022.11.30"]
[WhiteClock "0:00:17"]
[BlackClock "0:00:27"]

1. Nf3 d5 2. g3 e6 3. Bg2 Nf6 4. O-O g6 5. d3 Bg7 6. Nbd2 O-O 7. e4 c5 8. Re1 Nc6 9. c3 a5 10. a4 b6 11. exd5 exd5 12. Qb3 Bf5 13. c4 Nb4 14. Ne5 Nd7 15. Ndf3 Re8 16. Bf4 Nxe5 17. Nxe5 g5 18. cxd5 gxf4 19. Nxf7 Kxf7 20. d6+ Kf8 21. Re7 Rxe7 22. dxe7+ Kxe7 23. Re1+ Kf8 24. Qc4 Nxd3 25. Rd1 Ra7 26. Bd5 Rd7 27. Bg8 Ne5 28. Re1 Nxc4 0-1


[Site "https://www.chess.com"]

[Event "Titled Tuesday Blitz November 29 Early 2022"]
[White "Ovezdurdyyeva, Jemal"]
[Black "Ismayil, Malak"]
[WhiteFideId "14001888"]
[BlackFideId "13412604"]
[WhiteElo "1961"]
[BlackElo "1879"]
[Result "0-1"]
[Round "03"]
[TimeControl "180+1"]
[Date "2022.11.30"]
[WhiteClock "0:00:01"]
[BlackClock "0:00:05"]

1. e4 e5 2. Nf3 Nc6 3. Bc4 Bc5 4. O-O Nf6 5. d3 O-O 6. c3 h6 7. h3 d6 8. b4 Bb6 9. a4 a6 10. Be3 Bxe3 11. fxe3 Be6 12. Na3 Qe7 13. Qc2 Rad8 14. Rae1 d5 15. exd5 Bxd5 16. e4 Be6 17. Nh4 Nh5 18. Bxe6 Qxe6 19. Nf5 Ne7 20. Nc4 Nf4 21. Rf3 Rd7 22. Ref1 Nxf5 23. exf5 Qxf5 24. g3 Nxh3+ 25. Kg2 Qe6 26. Rf5 f6 27. Nxe5 Rd5 28. d4 Ng5 29. c4 Rxd4 30. Ng6 Rfd8 31. R1f2 Rxc4 32. Qb3 Qe4+ 33. Kh2 Kh7 34. R5f4 Qxg6 35. Qxc4 Rd7 36. Kg2 Nf7 37. Rd4 Re7 38. Qd3 Ne5 39. Qxg6+ Kxg6 40. Rc2 c6 41. Re4 Rd7 42. Ree2 Rd4 43. Rb2 Nc4 44. Rb3 h5 45. b5 axb5 46. axb5 c5 47. Re7 b6 48. Rc3 Rd2+ 49. Kh3 Ne5 0-1


[Site "https://www.chess.com"]

[Event "Titled Tuesday Blitz November 29 Early 2022"]
[White "Ozates, Tuna"]
[Black "Pakleza, Zbigniew"]
[WhiteFideId "6354521"]
[BlackFideId "1119290"]
[WhiteElo "2151"]
[BlackElo "2411"]
[Result "1-0"]
[Round "03"]
[TimeControl "180+1"]
[Date "2022.11.30"]
[WhiteClock "0:00:06"]
[BlackClock "0:00:02"]

1. e4 d6 2. d4 Nf6 3. Nc3 c6 4. Nf3 Bg4 5. h3 Bh5 6. Be2 e6 7. e5 Nd5 8. Ne4 Bxf3 9. Bxf3 dxe5 10. dxe5 Nd7 11. c4 N5b6 12. Bg5 Qb8 13. O-O Nxc4 14. Re1 Ncxe5 15. Bh5 Bb4 16. Re3 Ng6 17. Qd4 Be7 18. Qxg7 Qe5 19. Nd6+ Qxd6 20. Bxg6 O-O-O 21. Bxe7 Qxe7 22. Qxf7 Qg5 23. Be4 Nc5 24. Bf3 Rdf8 25. Qh5 Qxh5 26. Bxh5 Rf6 27. Rae1 Kc7 28. b4 Na6 29. a3 Rd8 30. Rxe6 Rxe6 31. Rxe6 Rd3 32. Re7+ Kb6 33. Rxh7 Rxa3 34. f4 Nxb4 35. f5 Nd5 36. Bf3 Ra4 37. Bxd5 cxd5 38. g4 Rf4 39. Re7 a5 40. Re6+ Kb5 41. f6 a4 42. g5 a3 43. Re1 Kc4 44. Kg2 b5 45. Kg3 Rf5 46. Kg4 Rf2 47. h4 b4 48. h5 b3 49. h6 b2 50. h7 Rh2 51. f7 a2 52. f8=Q a1=Q 53. Qc8+ Kb5 54. Qb8+ Kc4 55. Qc7+ Kb5 56. Qd7+ Kc5 57. Qc7+ Kb5 58. Qxh2 Qxe1 59. h8=Q Qd1+ 60. Kg3 Qd3+ 61. Kg4 Qd1+ 62. Kh4 Qe1+ 63. Kh5 Qd1+ 64. Kh6 b1=Q 65. Q8b8+ Kc6 66. Qbc7+ Kb5 67. Qb7+ Kc4 68. Qhc7+ Kd4 69. Qf4+ Kd3 70. Qxd5+ Kc3 71. Qfc4+ Kb2 72. Qdb5+ Ka1 73. Qc3+ Ka2 74. Qca5+ Qa4 75. Qaxa4# 1-0


[Site "https://www.chess.com"]

[Event "Titled Tuesday Blitz November 29 Early 2022"]
[White "Papasimakopoulos, Alexandros"]
[Black "Xiong, Jeffery"]
[WhiteFideId "4244125"]
[BlackFideId "2047640"]
[WhiteElo "2365"]
[BlackElo "2725"]
[Result "0-1"]
[Round "03"]
[TimeControl "180+1"]
[Date "2022.11.30"]
[WhiteClock "0:00:25"]
[BlackClock "0:00:20"]

1. d4 g6 2. c4 Bg7 3. e4 d6 4. Nc3 e5 5. Nge2 Nd7 6. Be3 a6 7. Qd2 Ngf6 8. f3 b5 9. cxb5 axb5 10. Nxb5 Ba6 11. Nec3 O-O 12. Be2 Nh5 13. O-O Nf4 14. d5 f5 15. Rfc1 Bh6 16. Bf1 Qg5 17. g3 Nh3+ 18. Bxh3 Qxe3+ 19. Qxe3 Bxe3+ 20. Kg2 Bxc1 21. Rxc1 Bxb5 22. Nxb5 Rxa2 23. Rc2 Rb8 24. Nxc7 Rbxb2 25. Rxb2 Rxb2+ 26. Kg1 Nf6 27. exf5 g5 28. Bf1 Kf7 29. g4 h6 30. Ne6 Nxd5 31. Nd8+ Kf6 32. Bc4 Ne3 33. Be6 Rg2+ 34. Kh1 Rf2 35. Kg1 Rf1# 0-1


[Site "https://www.chess.com"]